 Dungeon Crawl Stone Soup version 0.29-a0-352-g0917bc69df (webtiles) character file.

Game seed: 8721840845075856183

158 croobank the Sneak (level 5, -1/31 HPs)
             Began as an Octopode Fire Elementalist on Apr 23, 2022.
             Was an Initiate of Lugonu.
             Slain by an orc
             ... wielding a +0 hand axe
              (6 damage)
             ... on level 3 of the Dungeon.
             The game lasted 00:10:03 (2750 turns).

croobank the Sneak (Octopode Fire Elementalist)     Turns: 2750, Time: 00:10:04

Health: -1/31      AC:  1    Str:  7    XL:     5   Next: 39%
Magic:  7/9        EV: 13    Int: 20    God:    Lugonu [......]
Gold:   84         SH:  5    Dex: 12    Spells: 6/9 levels left

rFire   . . .      SeeInvis .   b - +4 quarterstaff (chaos)
rCold   . . .      Faith    .   (shield currently unavailable)
rNeg    . . .      Spirit   .   (helmet restricted)
rPois   .          Reflect  +   d - amulet of reflection
rElec   .          Harm     .   (no ring)
rCorr   .          Rampage  .   (no ring)
Will    .....                   (no ring)
Stlth   +++.......              (no ring)
HPRegen 0.10/turn               (no ring)
MPRegen 0.11/turn               (no ring)
                                (no ring)
                                (no ring)

@: no status effects
A: almost no armour, amphibious, 8 rings, camouflage 1, gelatinous body 1,
(nimble swimmer 1), tentacles
a: Renounce Religion


You were on level 3 of the Dungeon.
You worshipped Lugonu.
Lugonu was noncommittal.
You visited 1 branch of the dungeon, and saw 3 of its levels.
You visited the Abyss 1 time.

You collected 84 gold pieces.

Inventory:

Hand Weapons
 b - a +4 quarterstaff of chaos (weapon)
 c - a +0 spear of protection
 l - a +0 hand axe
 m - a +0 short sword of holy wrath
 n - a +0 whip of distortion
Missiles
 f - 162 stones
 o - 5 poisoned darts
Jewellery
 d - an amulet of reflection (around mantle)
Scrolls
 e - 2 scrolls of teleportation
 g - 2 scrolls of identify {unknown}
 h - a scroll of magic mapping
 p - a scroll of fog
Potions
 a - a potion of magic
 j - 2 potions of curing {unknown}
 k - 3 potions of degeneration {unknown}


   Skills:
 + Level 2.9 Dodging
 + Level 4.1 Stealth
 + Level 2.8 Spellcasting
 + Level 2.2 Conjurations
 + Level 3.8 Fire Magic


You had 6 spell levels left.
You knew the following spells:

 Your Spells              Type           Power      Damage    Failure   Level
a - Foxfire               Conj/Fire      56%        2x1d6     4%          1
b - Scorch                Fire           36%        2d6       4%          2

Your spell library contained the following spells:

 Spells                   Type           Power      Damage    Failure   Level
 Conjure Flame            Conj/Fire      14%        6-21      13%         3
 Freeze                   Ice            8%         1d3       14%         1
 Inner Flame              Hex/Fire       10%        N/A       21%         3
 Ignite Poison            Fire/Tmut/Pois 7%         N/A       26%         3
 Flame Wave               Conj/Fire      14%        2d6       38%         4
 Frozen Ramparts          Ice            4%         1d2       41%         3
 Hailstorm                Conj/Ice       7%         3d4       65%         4


Dungeon Overview and Level Annotations

Branches:
Dungeon (3/15)

Altars:


Innate Abilities, Weirdness & Mutations

You cannot wear most types of armour.
You are amphibious.
You can wear up to eight rings at the same time.
Your skin changes colour to match your surroundings (Stealth+).
Your rubbery body absorbs attacks. (AC +1, EV +1)
((You are camouflaged when in or above water. (Stealth+)))
You have tentacles for arms and can constrict up to eight enemies at once.


Message History

You conjure some foxfire!
Found a throwing net.
The foxfire hits the orc priest.
The orc priest is heavily wounded.
The foxfire hits the orc priest.
The orc priest is heavily wounded.
The orc priest hits you with a +0 falchion!
There is an open door here.
You barely miss the orc priest. You grab the orc priest.
You squeeze the orc priest, but do no damage.
The orc priest is heavily wounded.
You constrict the orc priest, but do no damage.
You block the orc's attack. The orc wizard barely misses you.
The orc priest hits you with a +0 falchion!
You hit the orc priest.
The orc priest is moving more slowly.
The orc priest is severely wounded.
You constrict the orc priest.
The orc priest is no longer more vulnerable to fire.
You block the orc priest's attack. The orc barely misses you.
The orc wizard closely misses you.
You hit the orc priest. You drain the orc priest.
You kill the orc priest!
Lugonu accepts your kill. The orc wizard barely misses you.
The orc barely misses you.
The orc wizard hits you with a +0 dagger.
The orc closely misses you.
You hit the orc wizard. You freeze the orc wizard. You grab the orc wizard.
The orc wizard is moderately wounded.
You constrict the orc wizard. You block the orc's attack.
The orc wizard barely misses you.
You hit the orc wizard.
The orc wizard is severely wounded.
You constrict the orc wizard.
The orc wizard hits you with a +0 dagger.
The orc hits you with a +0 hand axe.
* * * LOW HITPOINT WARNING * * *
You hit the orc wizard.
You kill the orc wizard!
Lugonu accepts your kill. The orc barely misses you.
The orc hits you with a +0 hand axe.
You die...

###########
..........#
..........#
..........#
.....(o)..#
########@#
.......).# ##
.........# .#
.........#######.#
.......).#.....#.#
########.#.###.#.#
...............>#
##..........#.#.#
#..........#.#.#


You could see an orc.

Vanquished Creatures
  Crazy Yiuf (D:2)
  An orc priest (D:3)
  An iguana (D:2)
  An orc wizard (D:3)
  An adder (D:2)
  3 worms
  A dart slug (D:2)
  4 orcs (D:3)
  3 bats
  5 endoplasms
  3 giant cockroaches (D:2)
  4 goblins
  4 hobgoblins
  A quokka (D:1)
  4 ball pythons
  4 frilled lizards
  8 kobolds
  4 rats
53 creatures vanquished.

Vanquished Creatures (others)
  96 foxfires
96 creatures vanquished.

Grand Total: 149 creatures vanquished

Notes
Turn   | Place    | Note
-------+----------+-------------------------------------------
     0 | D:1      | croobank the Octopode Fire Elementalist began the quest for
                  | the Orb.
     0 | D:1      | Reached XP level 1. HP: 11/11 MP: 3/3
   348 | D:1      | Reached XP level 2. HP: 17/17 MP: 3/5
   352 | D:1      | Learned a level 2 spell: Scorch
   374 | D:1      | Reached skill level 3 in Stealth
   564 | D:1      | Found a faded altar of an unknown god.
   981 | D:2      | Found a runed translucent door.
   982 | D:2      | Noticed Crazy Yiuf
  1155 | D:2      | Reached XP level 3. HP: 21/21 MP: 1/6
  1601 | D:2      | Got the Papyrus of the Arsonist
  1681 | D:2      | Reached XP level 4. HP: 27/27 MP: 5/7
  2298 | D:2      | Killed Crazy Yiuf
  2301 | D:2      | Cast into level 2 of the Abyss (unwielding a weapon of
                  | distortion)
  2321 | Abyss:2  | Noticed an ancient zyme
  2322 | Abyss:2  | Found a corrupted altar of Lugonu.
  2330 | Abyss:2  | Became a worshipper of Lugonu the Unformed
  2330 | Abyss:2  | Reached * piety under Lugonu
  2331 | D:2      | Escaped the Abyss
  2473 | D:3      | Reached XP level 5. HP: 31/31 MP: 7/9
  2695 | D:3      | Reached skill level 4 in Stealth
  2750 | D:3      | Slain by an orc

Illustrated notes

Levels and vault maps discovered:
D:1:      lightli_molten_gateway, layout_basic,
          shapermc_ecumenical_altar_flowoftime, supply_closet_lemuel
D:2:      minmay_razor_zed, layout_loops_ring, uniq_crazy_yiuf_cottage
D:3:      layout_basic, grunt_temple_overflow_open

Skill      XL: |  1  2  3  4  5 |
---------------+----------------+-----
Stealth        | 3 4 |  4.1
Conjurations   | 2 |  2.2
Dodging        | |  2.9
Spellcasting   | |  2.8
Fire Magic     | |  3.8

Action                   |  1- 3 |  4- 6 || total
-------------------------+-------+-------++-------
Melee: Spear             |    13 |     5 ||    18
       Constrict         |     3 |     5 ||     8
       Tentacles         |     2 |     3 ||     5
       Whip              |       |     7 ||     7
       Quarterstaff      |       |    10 ||    10
 Cast: Foxfire           |    35 |    26 ||    61
       Scorch            |     6 |     4 ||    10
Invok: Depart the Abyss  |       |     1 ||     1
  Use: Scroll            |     7 |       ||     7
       Potion            |       |     4 ||     4
Armor: Skin              |     1 |       ||     1
Dodge: Dodged            |    13 |    13 ||    26
Block: Other             |     5 |     7 ||    12

Table legend: (Time is in decaauts)
 A = Elapsed time spent in this place.
 B = Non-inter-level travel time spent in this place.
 C = Inter-level travel time spent in this place.
 D = Time resting spent in this place.
 E = Time spent auto-exploring this place.
 F = Levels seen in this place.
 G = Mean time per level.
                   A        B        C        D        E       F      G
               +--------+--------+--------+--------+--------+-----+--------+
         Total |   2755 |   2624 |    131 |    291 |   1860 |   4 |  688.8 |
       Dungeon |   2726 |   2595 |    131 |    291 |   1860 |   3 |  908.7 |
         Abyss |     29 |     29 |      0 |      0 |      0 |   1 |   29.0 |
               +--------+--------+--------+--------+--------+-----+--------+

Top non-repeatable levels by time:
     D:2: 1571 daAuts
     D:1: 817 daAuts
     D:3: 337 daAuts
 Abyss:2: 29 daAuts
